 Dungeon Crawl Stone Soup version 0.31.0-9-g3a7656b989 (webtiles) character file.

Game seed: 6065962857168889564

1 dialectric the Sneak (level 1, -4/14 HPs)
             Began as a Gargoyle Delver on Jan 24, 2024.
             Splashed by a jelly's acid (11 damage)
             ... on level 5 of the Dungeon.
             The game lasted 00:00:26 (107 turns).

dialectric the Sneak (Gargoyle Delver)               Turns: 107, Time: 00:00:27

Health: -4/14      AC:  1    Str: 15    XL:     1   Next: 20%
Magic:  1/1        EV: 11    Int: 10    God:
Gold:   0          SH:  0    Dex: 11    Spells: 0/0 levels left

rFire   . . .        a - +0 mace
rCold   . . .        (no shield)
rNeg    + . .        b - +0 leather armour
rPois   ∞            (no helmet)
rElec   +            (no cloak)
rCorr   .            (no gloves)
SInv    .            (no boots)
Will    .....        (no amulet)
Stlth   +++          (no ring)
HPRegen 0.22/turn    (no ring)
MPRegen 0.07/turn

%: no passive effects
@: corroded
A: sickness immunity, AC +2, negative energy resistance 1, electricity
resistance, torment resistance 1, petrification resistance
a: no special abilities


You were on level 5 of the Dungeon.
You visited 1 branch of the dungeon, and saw 2 of its levels.

Inventory:

Hand Weapons
 a - a +0 mace (weapon)
Armour
 b - a +0 leather armour (worn)
Wands
 g - a wand of digging (3)
Scrolls
 c - a scroll of fog
 d - a scroll of revelation
 e - a scroll of fear
 h - a scroll of enchant weapon {unknown}
 i - a scroll of identify {unknown}
Potions
 f - a potion of haste


   Skills:
 + Level 3.3 Fighting
 + Level 2.0 Maces & Flails
 + Level 1.5 Dodging
 + Level 5.5 Stealth


You couldn't memorise any spells.
You didn't know any spells.
Your spell library was empty.

Dungeon Overview and Level Annotations

Branches:
Dungeon (5/15)
 Temple: D:4-7

Altars:
Ashenzari
Fedhas


Innate Abilities, Weirdness & Mutations

You are immune to sickness and miasma.
Your stone body is resilient. (AC +2)
You are immune to poison.
You resist negative energy. (rN+)
You are resistant to electric shocks. (rElec)
You are resistant to unholy torment.
You are immune to petrification.


Message History

You miss the quokka. The quokka closely misses you.
You miss the quokka.
The quokka bites you but does no damage.
The quokka closely misses you.
You hit the quokka but do no damage. The quokka bites you.
You hit the quokka.
The quokka is almost dead.
The quokka bites you but does no damage.
The quokka closely misses you.
You sock the quokka!
You kill the quokka!
No target in view!
No target in view!
No target in view!
No target in view!
No target in view!
You open the door.
There is an open door here.
There is a stone staircase leading down here.
Found a blossoming altar of Fedhas.
Found a scroll labelled EZIZUEMESA.
Found a ring mail.
i - a scroll labelled EZIZUEMESA
Found a scroll labelled DOLEIT JUOTT.
Found a broken altar of Ashenzari.
A jelly comes into view.
The jelly quivers.
Found 11 gold pieces.
You see here a scroll labelled DOLEIT JUOTT.
You barely miss the jelly. The jelly hits you but does no damage.
You hit the jelly but do no damage.
Your hands burn!
The jelly completely misses you.
You barely miss the jelly. The jelly hits you but does no damage.
Unknown command.
You hit the jelly but do no damage.
Your hands burn!
The jelly completely misses you. The jelly barely misses you.
You barely miss the jelly. The jelly hits you. The acid corrodes you!
You are splashed with acid!
Ouch! That really hurt!
You die...

# ###. .## .... ..# ...#
#.##.#.#. .
#######........ .#
............... .[
≈.8.≈..@J.# .#
≈...≈.....#######..#
≈≈.≈≈.....##.......# #
§≈§≈≈.....##.......# #
≈§.≈≈.##..##..####.#####
§§§≈≈. #..##..#........#
≈≈§≈≈. #..##..#._......#
.≈≈≈.$ #......#........#
..... #...............#


You could see a jelly.

Vanquished Creatures
  A quokka (D:5)
1 creature vanquished.

Notes
Turn   | Place    | Note
-------+----------+-------------------------------------------
     0 | D:5      | dialectric the Gargoyle Delver began the quest for the Orb.
     0 | D:5      | Reached XP level 1. HP: 14/14 MP: 1/1
     5 | D:5      | Noticed a bombardier beetle
    18 | D:4      | Noticed a wight
    18 | D:4      | Noticed a wight
    71 | D:5      | Found a blossoming altar of Fedhas.
    99 | D:5      | Found a broken altar of Ashenzari.
   100 | D:5      | Noticed a jelly
   107 | D:5      | Splashed by a jelly's acid

Illustrated notes

Levels and vault maps discovered:
D:4:      layout_rooms, gammafunk_temple_overflow_wave,
          dreamdust_mushroom_princess, uniq_menkaure
D:5:      layout_basic, mainiacjoe_overflow_chevrons, makhleb_heckhound_becter,
          mainiacjoe_overflow_catwalk, minmay_temple_entry_mini_moons

Action                     || total
---------------------------++-------
  Melee: Mace              ||    10
 Armour: Leather armour    ||     6
  Dodge: Dodged            ||     7
